 Dungeon Crawl Stone Soup version 0.29-a0-819-g94b489e0ae (webtiles) character file.

Game seed: 13822762060727926367

13 Ayihk420 the Ruffian (level 2, 0/26 HPs)
             Began as a Ghoul Monk on July 7, 2022.
             Slain by an orc
             ... wielding a +0 dagger
             ... created by the fury of Okawaru
              (1 damage)
             ... on level 1 of the Dungeon.
             The game lasted 00:02:18 (1358 turns).

Ayihk420 the Ruffian (Ghoul Monk)                   Turns: 1358, Time: 00:02:19

Health: 0/26       AC:  2    Str: 14    XL:     2   Next: 37%
Magic:  1/1        EV: 12    Int:  5    God:
Gold:   33         SH:  0    Dex: 11    Spells: 1/1 levels left

rFire   . . .      SeeInvis .     - Unarmed
rCold   + . .      Faith    .   (no shield)
rNeg    + + +      Spirit   .   a - +0 robe
rPois   ∞          Reflect  .   (no helmet)
rElec   .          Harm     .   (no cloak)
rCorr   .          Rampage  .   (no gloves)
Will    .....                   (no boots)
Stlth   ++........              (no amulet)
HPRegen 0.00/turn               (no ring)
MPRegen 0.07/turn               (no ring)

@: inhibited regen
A: claws 1, cold resistance 1, negative energy resistance 3, inhibited
regeneration, torment resistance 2, devour on kill
a: no special abilities


You were on level 1 of the Dungeon.
You visited 1 branch of the dungeon, and saw 1 of its levels.

You collected 33 gold pieces.

Inventory:

Armour
 a - a +0 robe (worn)
Scrolls
 d - a scroll of teleportation {unknown}
 e - a scroll of enchant weapon {unknown}
Potions
 b - a potion of ambrosia
 c - a potion of attraction {unknown}
 f - a potion of flight {unknown}
 g - a potion of brilliance {unknown}


   Skills:
 - Level 3.3 Fighting
 - Level 2.7 Dodging
 - Level 2.3 Stealth
 * Level 3.9 Unarmed Combat


You had one spell level left.
You didn't know any spells.
Your spell library was empty.

Dungeon Overview and Level Annotations

Branches:
Dungeon (1/15)

Altars:
Okawaru


Innate Abilities, Weirdness & Mutations

You are immune to poison.
You have sharp fingernails.
Your flesh is cold resistant. (rC+)
You are immune to negative energy. (rN+++)
You do not regenerate when monsters are visible.
You are immune to unholy pain and torment.
You thrive by killing the living.


Message History

The orc priest is moderately wounded.
The orc misses you. The orc priest hits you with a +0 whip.
You are too injured to fight recklessly!
You are too injured to fight recklessly!
You scratch the orc priest but do no damage.
The orc priest is moderately wounded.
The orc hits you with a +0 dagger.
The orc priest miscasts a cantrip.
You scratch the orc priest.
The orc priest is heavily wounded.
The orc hits you but does no damage. The orc priest barely misses you.
You closely miss the orc priest.
The orc priest is heavily wounded.
The orc barely misses you. The orc priest closely misses you.
You scratch the orc priest.
The orc priest is heavily wounded.
The orc hits you but does no damage. The orc priest closely misses you.
You scratch the orc priest but do no damage.
The orc priest is heavily wounded.
The orc barely misses you.
The orc priest miscasts a cantrip.
You scratch the orc priest.
The orc priest is severely wounded.
The orc priest closely misses you. The orc hits you with a +0 dagger.
* * * LOW HITPOINT WARNING * * *
You scratch the orc priest but do no damage.
The orc priest is severely wounded.
The orc priest miscasts a cantrip.
The orc hits you with a +0 dagger.
* * * LOW HITPOINT WARNING * * *
You scratch the orc priest but do no damage.
The orc priest is severely wounded.
You scratch the orc priest.
The orc priest is almost dead.
The orc misses you. The orc priest hits you with a +0 whip.
* * * LOW HITPOINT WARNING * * *
You claw the orc priest!
You kill the orc priest!
That felt strangely unrewarding.
The orc hits you with a +0 dagger.
You die...

....#?#.....†# #..###..#.#.#
#......##.#.###### #
##.....#......# ..
##.#..######.# ...#######.#.o###
#.# #.........#.o..# #.###
###....#######o# #...#
###.....#..@.# ###.#
.#.##..#.#.#### #.#
##+#..#.##...#.# #.#
#...#...###....##### #.#
'..#.#..# #...#.>..# #.#
#..#.....###..#.##.# #.#
##'#..#...###.#.##.# #.#
.#.#......# #...##.#####.#######
.'...##..#.###...#.............#


You could see an orc.

Vanquished Creatures
  An orc priest (D:1)
  A dart slug (D:1)
  An orc (D:1)
  A ball python (D:1)
  A giant cockroach (D:1)
  2 goblins (D:1)
  A hobgoblin (D:1)
  A quokka (D:1)
  2 frilled lizards (D:1)
  A rat (D:1)
12 creatures vanquished.

Notes
Turn   | Place    | Note
-------+----------+-------------------------------------------
     0 | D:1      | Ayihk420 the Ghoul Monk began the quest for the Orb.
     0 | D:1      | Reached XP level 1. HP: 19/19 MP: 0/0
    95 | D:1      | Found a faded altar of an unknown god.
   117 | D:1      | Prayed at the altar of an unknown god.
   117 | D:1      | Became a worshipper of Warmaster Okawaru
   117 | D:1      | Reached * piety under Okawaru
   117 | D:1      | Reached ** piety under Okawaru
   128 | D:1      | Fell from the grace of Okawaru
  1038 | D:1      | Reached XP level 2. HP: 22/26 MP: 1/1
  1357 | D:1      | HP: 1/26 [orc priest/+0 whip[the fury of Okawaru] (3)]
  1358 | D:1      | Slain by an orc

Illustrated notes

Levels and vault maps discovered:
D:1:      arrival_zaba_pyramid, layout_loops_ring,
          hellmonk_ecumenical_altar_arch_garden, item_on_display_a

Action                   || total
-------------------------++-------
Melee: Unarmed           ||    47
Invok: Renounce Religion ||     1
 Stab: Sleeping          ||     2
Armor: Robe              ||     4
Dodge: Dodged            ||    23

Table legend: (Time is in decaauts)
 A = Elapsed time spent in this place.
 B = Non-inter-level travel time spent in this place.
 C = Inter-level travel time spent in this place.
 D = Time resting spent in this place.
 E = Time spent auto-exploring this place.
 F = Levels seen in this place.
 G = Mean time per level.
                   A        B        C        D        E       F      G
               +--------+--------+--------+--------+--------+-----+--------+
         Total |   1354 |   1354 |      0 |    787 |    406 |   1 | 1354.0 |
       Dungeon |   1354 |   1354 |      0 |    787 |    406 |   1 | 1354.0 |
               +--------+--------+--------+--------+--------+-----+--------+

Top non-repeatable levels by time:
     D:1: 1354 daAuts
